 Dungeon Crawl Stone Soup version 0.27.1-33-g824d729ab1 (webtiles) character file.

Game seed: 8630094938506645396

804 MisterFreud the Skirmisher (level 7, 0/90 HPs)
             Began as a Gnoll Abyssal Knight on Dec 22, 2021.
             Was a Believer of Lugonu.
             Slain by a wyvern zombie (4 damage)
             ... on level 5 of the Dungeon.
             The game lasted 00:07:08 (6824 turns).

MisterFreud the Skirmisher (Gnoll Abyssal Knight)   Turns: 6824, Time: 00:07:09

Health: 0/90       AC: 23    Str: 10 (11) XL:     7   Next: 91%
Magic:  11/11      EV:  2    Int: 13 (16) God:    Lugonu [**....]
Gold:   209        SH:  0    Dex: 10 (11) Spells: 11/11 levels left

rFire    . . .     SeeInvis .   f - +0 short sword (drain)
rCold    + . .     Faith    .   (no shield)
rNeg     + + +     Spirit   .   (armour currently unavailable)
rPois    +         Reflect  .   (helmet currently unavailable)
rElec    .         Harm     .   (cloak currently unavailable)
rCorr    .         Rampage  .   (gloves currently unavailable)
Will     +....     Clarity  +   (boots currently unavailable) Stlth ++........NoTele +
                                (no amulet)
HPRegen  0.25/turn              y - ring of willpower
MPRegen  0.12/turn              c - ring of protection from cold

@: mighty, tree-form, attractive
A: stationary, stasis, torment immunity, boosted hp, (fangs 1), strong nose,
distributed training, clarity, clever 1, mutation resistance 1
a: Renounce Religion, Depart the Abyss, Bend Space


You were on level 5 of the Dungeon.
You worshipped Lugonu.
Lugonu was pleased with you.
You were a tree.
You visited 1 branch of the dungeon, and saw 5 of its levels.
You visited the Abyss 1 time.

You collected 209 gold pieces.

Inventory:

Hand Weapons
 a - a +1 short sword
 f - a +0 short sword of draining (weapon)
Missiles
 z - 6 atropa-tipped darts
Armour
 b - a +0 leather armour (melded)
 r - a +0 pair of boots (melded)
 t - a +0 pair of gloves (melded)
Jewellery
 c - a ring of protection from cold (right branch)
 y - a ring of willpower (left branch)
Scrolls
 e - a scroll of amnesia {unknown}
 g - a scroll of enchant weapon {unknown}
 i - 2 scrolls of blinking {unknown}
 k - a scroll of noise
 l - a scroll of torment {unknown}
 n - 7 scrolls of teleportation
 o - a scroll of silence {unknown}
 p - a scroll of vulnerability {unknown}
 q - 2 scrolls of immolation
 u - a scroll of identify {unknown}
 w - a scroll of fog {unknown}
Potions
 x - a potion of curing {unknown}


   Skills:
 + Level 7.1 Fighting
 + Level 5.4 Short Blades
 + Level 2.8 Long Blades
 + Level 2.8 Axes
 + Level 2.8 Maces & Flails
 + Level 2.8 Polearms
 + Level 2.8 Staves
 + Level 2.8 Slings
 + Level 2.8 Bows
 + Level 2.8 Crossbows
 + Level 2.8 Throwing
 + Level 5.4 Armour
 + Level 3.8 Dodging
 + Level 2.8 Stealth
 + Level 2.8 Shields
 + Level 2.8 Unarmed Combat
 + Level 2.8 Spellcasting
 + Level 2.2 Conjurations
 + Level 2.2 Hexes
 + Level 2.2 Summonings
 + Level 2.2 Necromancy
 + Level 2.2 Translocations
 + Level 2.2 Transmutations
 + Level 2.2 Fire Magic
 + Level 2.2 Ice Magic
 + Level 2.2 Air Magic
 + Level 2.2 Earth Magic
 + Level 2.2 Poison Magic
 + Level 5.6 Invocations
 + Level 2.8 Evocations


You had 11 spell levels left.
You didn't know any spells.
Your spell library contained the following spells:

 Spells                   Type           Power      Damage    Failure   Level
 Corpse Rot               Necr/Air       N/A        N/A       14%         2
 Poisonous Vapours        Pois/Air       14%        N/A       14%         2
 Conjure Flame            Conj/Fire      7%         6-21      28%         3
 Ignite Poison            Fire/Tmut/Pois 7%         N/A       28%         3
 Sticky Flame             Conj/Fire      7%         2d3       67%         4
 Freezing Cloud           Conj/Ice/Air   3%         6-21      95%         5


Dungeon Overview and Level Annotations

Branches:
Dungeon (5/15)
 Temple: D:4-7

Altars:


Innate Abilities, Weirdness & Mutations

You are a tree.
Your roots penetrate the ground, keeping you stationary.
You cannot be teleported.
You are immune to unholy pain and torment.
Your maximum health is greatly increased.
Your equipment is partially melded.
((You have very sharp teeth.))
Your uncanny sense of smell can sniff out nearby items.
Your experience applies equally to all skills.
You possess an exceptional clarity of mind.
Your mind is acute. (Int +2)
You are somewhat resistant to further mutation.


Message History

You bump into the rock wall.
The wyvern zombie bites you.
* * * LOW HITPOINT WARNING * * *
You hit the wyvern zombie but do no damage.
Your bite misses the wyvern zombie.
The wyvern zombie is moderately damaged.
The wyvern zombie closely misses you.
You hit the wyvern zombie.
The wyvern zombie is moderately damaged.
The wyvern zombie barely misses you.
You hit the wyvern zombie but do no damage.
The wyvern zombie is moderately damaged.
You feel less invigorated.
You feel less confused. The wyvern zombie barely misses you.
You barely miss the wyvern zombie.
The wyvern zombie is moderately damaged.
The wyvern zombie misses you. The wyvern zombie bites you!
* * * LOW HITPOINT WARNING * * *
It was a potion of lignification.
You turn into a tree.
Your +0 pair of gloves melds into your body.
Your +0 pair of boots melds into your body.
Your +0 leather armour melds into your body.
Your roots penetrate the ground.
The wyvern zombie barely misses you.
It was a potion of mutation.
You feel extremely strange.
You feel clever.
You feel genetically stable.
Your thoughts seem clearer.
The wyvern zombie bites you.
* * * LOW HITPOINT WARNING * * *
It was a potion of attraction.
You feel attractive to monsters.
The wyvern zombie bites you but does no damage.
It was a potion of might.
You feel very mighty all of a sudden. The wyvern zombie bites you.
* * * LOW HITPOINT WARNING * * *
The wyvern zombie bites you but does no damage.
It was a potion of degeneration.
There was something very wrong with that liquid.
You feel weakened.
You feel dopey.
You feel clumsy. The wyvern zombie bites you.
You die...

###............#.#
#..............#.#
#..............#.# #######
#..............#.# #......
#..........#####.# #......
###..........# #.# #......
.............# #.# #......
.##..........#####.########......
..............)Z♣................
#####.#############.#############
....#.#...........#.#...(.......#
###.#.#.####.####.#.#.####.####.#
....#.#....#.#....#.#....#.# #
.####.####.#.#.####.####.#.#
...........#.#...........#.#
############.#############.######
.................................


You could see a wyvern zombie.

Vanquished Creatures
  A sky beast (D:5)
  A black bear (D:4)
  An ogre (D:5)
  A scorpion (D:4)
  A jelly (D:5)
  2 orc priests
  4 orc wizards (D:4)
  4 gnolls (D:2)
  5 adders
  2 worms (D:2)
  4 dart slugs
  15 orcs
  4 bats
  3 endoplasms
  6 giant cockroaches
  5 goblins
  4 hobgoblins
  2 jackals (D:2)
  6 quokkas
  9 ball pythons
  A frilled lizard (D:2)
  7 kobolds
  4 rats
92 creatures vanquished.

Notes
Turn   | Place    | Note
-------+----------+-------------------------------------------
     0 | Abyss:1  | MisterFreud the Gnoll Abyssal Knight began the quest for
                  | the Orb.
     0 | Abyss:1  | Reached XP level 1. HP: 23/23 MP: 3/3
     9 | D:1      | Escaped the Abyss
   120 | D:1      | Reached XP level 2. HP: 24/29 MP: 5/5
   793 | D:2      | Reached ** piety under Lugonu
   794 | D:2      | Reached XP level 3. HP: 30/33 MP: 6/6
  1523 | D:2      | Reached skill level 1 in Long Blades
  1523 | D:2      | Reached skill level 1 in Axes
  1523 | D:2      | Reached skill level 1 in Maces & Flails
  1523 | D:2      | Reached skill level 1 in Polearms
  1523 | D:2      | Reached skill level 1 in Staves
  1523 | D:2      | Reached skill level 1 in Slings
  1523 | D:2      | Reached skill level 1 in Bows
  1523 | D:2      | Reached skill level 1 in Crossbows
  1523 | D:2      | Reached skill level 1 in Throwing
  1523 | D:2      | Reached skill level 1 in Stealth
  1523 | D:2      | Reached skill level 1 in Shields
  1523 | D:2      | Reached skill level 1 in Unarmed Combat
  1523 | D:2      | Reached skill level 1 in Spellcasting
  1523 | D:2      | Reached skill level 1 in Evocations
  1685 | D:2      | Reached XP level 4. HP: 16/41 MP: 7/7
  2485 | D:2      | Reached skill level 1 in Conjurations
  2485 | D:2      | Reached skill level 1 in Hexes
  2485 | D:2      | Reached skill level 1 in Summonings
  2485 | D:2      | Reached skill level 1 in Necromancy
  2485 | D:2      | Reached skill level 1 in Translocations
  2485 | D:2      | Reached skill level 1 in Transmutations
  2485 | D:2      | Reached skill level 1 in Fire Magic
  2485 | D:2      | Reached skill level 1 in Ice Magic
  2485 | D:2      | Reached skill level 1 in Air Magic
  2485 | D:2      | Reached skill level 1 in Earth Magic
  2485 | D:2      | Reached skill level 1 in Poison Magic
  2773 | D:3      | Reached XP level 5. HP: 47/47 MP: 8/8
  3211 | D:3      | Found a faded altar of an unknown god.
  3985 | D:4      | Reached skill level 5 in Invocations
  4305 | D:4      | Reached *** piety under Lugonu
  4306 | D:4      | Reached XP level 6. HP: 32/53 MP: 9/9
  4571 | D:5      | Entered Level 5 of the Dungeon
  4837 | D:4      | Noticed a black bear
  4850 | D:4      | Killed a black bear
  4851 | D:4      | Reached skill level 5 in Short Blades
  4851 | D:4      | Reached skill level 5 in Armour
  5391 | D:4      | Reached XP level 7. HP: 44/59 MP: 10/10
  6058 | D:5      | Reached skill level 7 in Fighting
  6821 | D:5      | Gained mutation: Your mind is acute. (Int +2) [potion of
                  | mutation]
  6821 | D:5      | Gained mutation: You are somewhat resistant to further
                  | mutation. [potion of mutation]
  6821 | D:5      | Gained mutation: You possess an exceptional clarity of
                  | mind. [potion of mutation]
  6823 | D:5      | HP: 4/90 [wyvern zombie (5)]
  6824 | D:5      | Slain by a wyvern zombie

Illustrated notes

Levels and vault maps discovered:
D:1:      psy_arrival_dodecagon, layout_loops_ring
D:2:      minmay_razor_zed, layout_basic, serial_glass, glass_columns_a,
          glass_columns_a
D:3:      layout_loops_corners, hellmonk_ecumenical_altar_crossroads,
          chequers_serial_rivers_large_b
D:4:      mumra_celtic_spiral_tile, layout_loops_corners
D:5:      layout_basic, roderic_lattice_a, st_stairs_5

Skill      XL: |  1  2  3  4  5  6  7 |
---------------+----------------------+-----
Long Blades    | 1 2 |  2.8
Axes           | 1 2 |  2.8
Maces & Flails | 1 2 |  2.8
Polearms       | 1 2 |  2.8
Staves         | 1 2 |  2.8
Slings         | 1 2 |  2.8
Bows           | 1 2 |  2.8
Crossbows      | 1 2 |  2.8
Throwing       | 1 2 |  2.8
Stealth        | 1 2 |  2.8
Shields        | 1 2 |  2.8
Unarmed Combat | 1 2 |  2.8
Spellcasting   | 1 2 |  2.8
Evocations     | 1 2 |  2.8
Conjurations   | 1 2 |  2.2
Hexes          | 1 2 |  2.2
Summonings     | 1 2 |  2.2
Necromancy     | 1 2 |  2.2
Translocations | 1 2 |  2.2
Transmutations | 1 2 |  2.2
Fire Magic     | 1 2 |  2.2
Ice Magic      | 1 2 |  2.2
Air Magic      | 1 2 |  2.2
Earth Magic    | 1 2 |  2.2
Poison Magic   | 1 2 |  2.2
Dodging        | 3 |  3.8
Invocations    | 5 |  5.6
Short Blades   | 5 |  5.4
Armour         | 5 |  5.4
Fighting       | 7 |  7.1

Action                   |  1- 3 |  4- 6 |  7- 9 || total
-------------------------+-------+-------+-------++-------
Melee: Short sword       |   109 |   182 |   102 ||   393
       Bite              |    13 |    11 |     8 ||    32
       Punch             |       |     1 |       ||     1
Invok: Banish            |       |       |     2 ||     2
  Use: Scroll            |       |     3 |       ||     3
       Potion            |       |       |     7 ||     7
 Stab: Sleeping          |       |       |     1 ||     1
Armor: Leather armour    |    29 |    30 |    22 ||    81
       Skin              |       |       |     2 ||     2
Dodge: Dodged            |    69 |    79 |    47 ||   195
